 Dungeon Crawl Stone Soup version 0.32-a0-572-g3e1049bc92 (webtiles) character file.

Game seed: 1148402164737191980

1740832 Flugkiller the Acrobat (level 25, 222/231 HPs)
             Began as a Coglin Wanderer on Mar 1, 2024.
             Was an Elder of Okawaru.
             Escaped with the Orb
             ... and 3 runes
             ... and 1 gem!
             The game lasted 01:52:54 (65591 turns).

Flugkiller the Acrobat (Coglin Wanderer)           Turns: 65591, Time: 01:52:54

Health: 222/231    AC: 16    Str: 11 (12) XL:     25   Next: 36%
Magic:  30/30      EV: 36    Int:  7 (8)  God:    Okawaru [****..]
Gold:   1524       SH:  0    Dex: 27      Spells: 30/34 levels left

rFire   + . .        F - +6 rapier (speed) {Keminub}
rCold   + + .        X - +9 quick blade (vamp) {Caihong}
rNeg    + . .        i - +4 faerie dragon scales {rC+ rN+ rCorr Str-2 Dex+3}
rPois   +            (helmet unavailable)
rElec   +            p - scarf {rC+ rF+}
rCorr   +            c - +2 pair of gloves {Stlth+}
SInv    .            u - +0 pair of boots of the Will of the Gods {rElec rPois Int-2}
Will    ++...        (amulet unavailable)
Stlth   ++           (ring unavailable)
HPRegen 0.58/turn    (ring unavailable)
MPRegen 0.22/turn    a - bismuth compensator {Will+ Slay+3 Clar RMsl}

%: repel missiles, clarity
@: studying Short Blades
A: off-hand wielding, slow wielding, warmup strikes, no jewellery, horns 3,
berserk 1, deterioration 1, dopey 1, robust 1, inhibited regeneration, no potion
heal 1, devolution 1, persistent drain
0: Orb of Zot
}: 3/15 runes: serpentine, barnacled, silver
a: Renounce Religion, Heroism, Finesse


You escaped.
You worshipped Okawaru.
Okawaru was greatly pleased with you.
You visited 9 branches of the dungeon, and saw 46 of its levels.
You visited the Abyss 1 time.
You visited 1 bazaar.
You also visited: Trove, Ossuary, Gauntlet and Ice Cave.

You collected 4622 gold pieces.
You spent 3098 gold pieces at shops.

Inventory:

Hand Weapons
 F - a +6 rapier of speed (weapon) {Keminub}
   (You took it off a merfolk aquamancer on level 2 of the Shoals)
 X - a +9 vampiric quick blade (offhand) {Caihong}
   (Okawaru gifted it to you on level 9 of the Dungeon)
Missiles
 y - 8 throwing nets
 Q - 11 curare-tipped darts (quivered)
Armour
 b - the +3 pair of mountain boots {steadfast, rC+}
   (You found it on level 5 of the Vaults)

   Steadfast: It prevents involuntary movement, except for blinking,
   teleportation, or banishment.
   rC+:       It protects you from cold.
 c - a +2 pair of gloves of stealth (worn)
   (You bought it in a shop on level 10 of the Dungeon)
 f - a +2 helmet
   (You found it on level 1 of the Dungeon)
 i - the +4 faerie dragon scales (worn) {rC+ rN+ rCorr Str-2 Dex+3}
   (You took it off the Enchantress on level 1 of the Depths)

   Str-2:     It affects your strength (-2).
   Dex+3:     It affects your dexterity (+3).
   rC+:       It protects you from cold.
   rN+:       It protects you from negative energy.
   rCorr:     It protects you from acid and corrosion.
 j - the +12 chain mail "Exkoefru" {Str+7}
   (You acquired it on level 1 of the Elven Halls)

   Str+7:     It affects your strength (+7).
 p - a scarf of resistance (worn)
   (You found it on level 3 of the Vaults)
 u - the +0 pair of boots of the Will of the Gods (worn) {rElec rPois Int-2}
   (You found it on level 4 of the Depths)

   Int-2:     It affects your intelligence (-2).
   rElec:     It insulates you from electricity.
   rPois:     It protects you from poison.
 P - the +1 leather armour of the Tortured God {Int+3 Slay+3}
   (You found it on level 2 of the Vaults)

   Int+3:     It affects your intelligence (+3).
   Slay+3:    It affects your accuracy & damage with ranged weapons and melee
   (+3).
Gizmo
 a - a bismuth compensator (installed) {Will+ Slay+3 Clar RMsl}
   (You invented it yourself on level 4 of the Lair of Beasts)

   [bismuth compensator]

   Slay+3:    It affects your accuracy & damage with ranged weapons and melee
   (+3).
   Will+:     It increases your willpower.
   Clar:      It protects you from confusion, rage, mesmerisation and fear.
   RMsl:      It protects you from missiles.
Wands
 r - a wand of digging (9)
   (You found it on level 2 of the Shoals)
 B - a wand of acid (13)
   (You took it off Erolcha on level 10 of the Dungeon)
 G - a wand of paralysis (62)
   (You found it on level 11 of the Dungeon)
 I - a wand of flame (54)
   (You found it on level 2 of the Dungeon)
 O - a wand of mindburst (66)
   (You found it on level 8 of the Dungeon)
 R - a wand of roots (14)
   (You found it on level 9 of the Dungeon)
Scrolls
 g - 9 scrolls of immolation
 k - 4 scrolls of silence
 l - 8 scrolls of poison
 o - 5 scrolls of vulnerability
 t - 10 scrolls of teleportation
 v - 4 scrolls of enchant armour
 E - 3 scrolls of fog
 H - 9 scrolls of fear
Potions
 d - 2 potions of might
 e - 3 potions of enlightenment
 n - 2 potions of resistance
 q - 7 potions of curing
 D - 9 potions of attraction
 J - 8 potions of ambrosia
 K - 3 potions of cancellation
 L - 3 potions of magic
 S - 9 potions of lignification
 U - 4 potions of mutation
 Z - a potion of invisibility
Miscellaneous
 m - a phial of floods
   (You found it on level 4 of the Vaults)
 x - a lightning rod (4/4)
   (You found it on level 4 of the Shoals)
 V - a condenser vane
   (You found it in an ice cave)


   Skills:
 - Level 19.6 Fighting
 - Level 14.0 Short Blades
 - Level 1.0 Throwing
 - Level 8.0 Armour
 - Level 26.4 Dodging
 + Level 9.5 Stealth
 - Level 1.0 Unarmed Combat
 - Level 5.0 Spellcasting
 - Level 12.0 Hexes
 - Level 10.0 Invocations
 - Level 14.8 Evocations


You had 30 spell levels left.
You knew the following spells:

 Your Spells              Type           Power      Damage    Failure   Level
a - Slow                  Hex            72%        N/A       1%          1
b - Confusing Touch       Hex            18%        N/A       1%          3

Your spell library contained the following spells:

 Spells                   Type           Power      Damage    Failure   Level
 Jinxbite                 Hex            36%        N/A       1%          2
 Cause Fear               Hex            9%         N/A       3%          4
 Ensorcelled Hibernation  Hex/Ice        20%        N/A       5%          2
 Inner Flame              Hex/Fire       10%        N/A       11%         3
 Anguish                  Hex/Necr       5%         N/A       34%         4
 Foxfire                  Conj/Fire      4%         2x1d4     38%         1
 Sandblast                Erth           2%         2d4       38%         1
 Shock                    Conj/Air       4%         1d3       38%         1
 Blink                    Tloc           2%         N/A       52%         2
 Cigotuvi's Dreadful Rot  Necr/Alch/Air  2%         N/A       52%         2
 Lesser Beckoning         Tloc           2%         N/A       52%         2
 Momentum Strike          Conj/Tloc      2%         3d8       52%         2
 Scorch                   Fire           2%         2d5       52%         2
 Static Discharge         Conj/Air       2%         3-4/arc   52%         2
 Metabolic Englaciation   Hex/Ice        5%         N/A       67%         5
 Silence                  Hex/Air        5%         N/A       67%         5
 Fugue of the Fallen      Necr           1%         N/A       77%         3
 Ozocubu's Armour         Ice            1%         N/A       77%         3
 Passwall                 Erth           1%         N/A       77%         3
 Stone Arrow              Conj/Erth      2%         3d7       77%         3
 Swiftness                Air            1%         N/A       77%         3
 Enfeeble                 Hex            9%         N/A       94%         7
 Airstrike                Air            0%         2d(1-17)  99%         4
 Brom's Barrelling Bould  Conj/Erth      1%         2d3       99%         4
 Dispel Undead            Necr           1%         3d6       99%         4
 Flame Wave               Conj/Fire      1%         2d4       99%         4
 Ignite Poison            Fire/Alch      1%         N/A       99%         4
 Leda's Liquefaction      Alch/Erth      0%         N/A       99%         4
 Sticky Flame             Fire/Alch      1%         2d4       99%         4
 Borgnjor's Vile Clutch   Necr/Erth      0%         N/A       100%        5
 Fireball                 Conj/Fire      0%         3d3       100%        5
 Irradiate                Conj/Alch      0%         3d11      100%        5
 Iskenderun's Battlesphe  Conj           1%         2d6       100%        5
 Lee's Rapid Deconstruct  Erth           0%         3d4*      100%        5
 Bombard                  Conj/Erth      0%         9d1       100%        6
 Conjure Ball Lightning   Conj/Air       0%         3x3d6     100%        6
 Plasma Beam              Fire/Air       0%         2x1d10    100%        6
 Starburst                Conj/Fire      0%         6d3       100%        6
 Orb of Destruction       Conj           0%         9d5       100%        7
 Borgnjor's Revivificati  Necr           0%         N/A       100%        8
 Discord                  Hex            9%         N/A       100%        8
 Disjunction              Tloc           0%         N/A       100%        8
 Ignition                 Fire           0%         3d3       100%        8
 Chain Lightning          Conj/Air       0%         2d1       100%        9
 Death's Door             Necr           0%         N/A       100%        9
 Animate Armour           Summ/Erth      Unusable   N/A       N/A         4
 Animate Dead             Necr           Unusable   N/A       N/A         4
 Martyr's Knell           Necr/Summ      Unusable   N/A       N/A         4
 Summon Lightning Spire   Summ/Air       Unusable   N/A       N/A         4
 Death Channel            Necr           Unusable   N/A       N/A         6
 Sculpt Simulacrum        Ice/Alch       Unusable   N/A       N/A         6
 Summon Cactus Giant      Summ           Unusable   N/A       N/A         6
 Haunt                    Necr/Summ      Unusable   N/A       N/A         7
 Dragon's Call            Summ           Unusable   N/A       N/A         9

Dungeon Overview and Level Annotations

Branches:
Dungeon (15/15)            Temple (0/1) D:5            Lair (5/5) D:11
 Shoals (4/4) Lair:2        Snake (4/4) Lair:3        Slime (0/5) Lair:4
    Orc (2/2) D:11            Elf (2/3) Orc:2        Vaults (5/5) D:14
  Crypt (0/3) Vaults:3     Depths (4/4) D:15            Zot (5/5) Depths:4
Ossuary (visited)           IceCv (visited)         Gauntlet (visited)

Altars:
Fedhas
Hepliaklqana
Kikubaaqudgha
Nemelex Xobeh
Okawaru
Qazlal
Ru
Sif Muna
Uskayaw
Vehumet
Yredelemnul
The Shining One
Jiyva
Lugonu

Shops:
D:7 ?   D:10 [   D:11 (   Orc:2 ![[[   Elf:1 *   Elf:2 ((=   Shoals:1 (
Shoals:2 *   Snake:4 (   Vaults:1 (   Vaults:4 =

Portals:
Hell: Depths:1 Depths:2 Depths:3 Depths:4
Abyss: Shoals:3 Depths:3
Pandemonium: Depths:2*
Ziggurat: Depths:1

Annotations:
D:5 Grinder
Lair:1 1 runed translucent door, exclusion: door
Lair:2 1 runed translucent door, anet's ghost, journeyman GrCj
Lair:5 2 runed translucent doors
Shoals:3 1 runed translucent door
Snake:3 2 transporters, Ciar's ghost, adept GrCj
Zot:5 exclusion: orange crystal statue


Innate Abilities, Weirdness & Mutations

You can wield a second weapon in your off-hand.
It takes a long time for you to wield or remove held weapons.
Your first few attacks do less damage.
You cannot equip rings or amulets.
You have a pair of large horns on your head.
You sometimes lose your temper in combat.
Your body sometimes deteriorates upon taking damage.
You are dopey. (Int -2)
You are robust. (+10% HP)
You do not regenerate when monsters are visible.
Potions are less effective at restoring your health.
You have hidden genetic defects.
Your health recovers twice as slowly from being drained.


Message History

Okawaru accepts your kill. The hell hound breathes flames at you.
The blast of flame is repelled.
You see here a hell hound corpse.
You hit the hell hound but do no damage.
You hit the hell hound with your +9 vampiric quick blade. x2
The hell hound is moderately wounded.
The hell hound completely misses you.
You puncture the hell hound with your +9 vampiric quick blade!
You headbutt the hell hound!
You kill the hell hound!
Okawaru accepts your kill.
There is a stone staircase leading up here.
You climb upwards.
There is a stone staircase leading down here.
What level of the Dungeon? (default 8, ? - help)
Things that are here:
a +0 halberd; a gnoll skeleton You see here a +0 spear.
There is a stone staircase leading up here.
You climb upwards.
There is a stone staircase leading down here.
Things that are here:
a +0 whip; a gnoll skeleton A Brimstone Fiend comes into view.
Unknown command.
Okay, then.
You can now deal lightning-fast blows.
Aiming: Corrosive Bolt
Press: ? - help, Shift-Dir - straight line, f - Brimstone Fiend
Aim: a Brimstone Fiend (89% to hit)
The bolt of acid hits the Brimstone Fiend.
The Brimstone Fiend is lightly wounded.
You hit the Brimstone Fiend but do no damage. x2
The Brimstone Fiend is lightly wounded.
You hit the Brimstone Fiend with your +6 rapier of speed.
You hit the Brimstone Fiend with your +6 rapier of speed.
You headbutt the Brimstone Fiend, but do no damage.
The Brimstone Fiend is lightly wounded.
You barely miss the Brimstone Fiend with your +9 vampiric quick blade.
You hit the Brimstone Fiend but do no damage.
The Brimstone Fiend is lightly wounded.
You hit the Brimstone Fiend but do no damage.
You headbutt the Brimstone Fiend!
The Brimstone Fiend is moderately wounded.
You hit the Brimstone Fiend but do no damage.
You puncture the Brimstone Fiend with your +9 vampiric quick blade!
The Brimstone Fiend is moderately wounded.
You barely miss the Brimstone Fiend with your +9 vampiric quick blade.
Your headbutt misses the Brimstone Fiend.
You hit the Brimstone Fiend but do no damage.
The Brimstone Fiend is moderately wounded.
You puncture the Brimstone Fiend with your +6 rapier of speed!
You hit the Brimstone Fiend but do no damage. x2
You headbutt the Brimstone Fiend!
The Brimstone Fiend is severely wounded.
You puncture the Brimstone Fiend with your +6 rapier of speed!
The Brimstone Fiend completely misses you. x3
You barely miss the Brimstone Fiend with your +9 vampiric quick blade.
You headbutt the Brimstone Fiend!
You barely miss the Brimstone Fiend with your +9 vampiric quick blade.
Your headbutt misses the Brimstone Fiend.
The Brimstone Fiend is almost dead.
You impale the Brimstone Fiend with your +6 rapier of speed!!
You hit the Brimstone Fiend but do no damage.
You headbutt the Brimstone Fiend.
You kill the Brimstone Fiend!
Okawaru accepts your kill.
What level of the Dungeon? (default 1, ? - help)
There is a stone staircase leading up here.
Magic restored.
You climb upwards.
Level annotation: Grinder
There is a stone staircase leading down here.
There is an open door here.
You open the door.
There is an open door here.
There is a stone staircase leading down here.
There is a stone staircase leading up here.
You climb upwards.
There is a stone staircase leading down here.
Your graspers slow down.
There is a stone staircase leading up here.
You climb upwards.
There is a stone staircase leading down here.
A shadow demon comes into view.
Unknown command.
The shadow demon moves out of view.
There is a stone staircase leading up here.
You climb upwards.
There is a stone staircase leading down here.
What level of the Dungeon? (default 1, ? - help)
There is a stone staircase leading up here.
You climb upwards.
There is a stone staircase leading down here.
You enter the shallow water.
Moving in this stuff is going to be slow.
There is a staircase leading out of the dungeon here.
Enter note: gg You have escaped!

####### ##### #.....# #....
################.....#####....
#..†...........'..............
#....###########..............
#...####.#.#.#.#.#+##.........
##.## #.#.#.#.#.#.#.#.........
##(# ##.#.≈≈≈≈≈.#.##.........
###[.# #.#.#≈.@.≈#.#.#.........
##....# ##.#.≈...≈.#.##.........
......# #.#.#≈...≈#.#...........
......#####.#.~~~~~.#.#.#########
.........#.#.#.#.#.#.#..#
.........##'#.#.#.#.#.###
.....[.............####
..##.....#......##.####
..##.....#............#


There were no monsters in sight!

Vanquished Creatures
  2 dread liches (Arena)
  Mara (Vaults:2)
  3 orbs of fire (Zot:5)
  2 juggernauts
  Xtahua (Vaults:5)
  Boris (Vaults:5)
  Vashnia (Snake:2)
  Saint Roka (Depths:1)
  5 golden dragons
  the Enchantress (Depths:1)
  Norris (Vaults:2)
  A Brimstone Fiend (D:6)
  Zenata (Arena)
  A walking crystal tome (Depths:2)
  7 tentacled monstrosities
  Rupert (D:13)
  4 liches
  11 Orb Guardians
  2 quicksilver dragons
  4 titans
  Asterion (Vaults:2)
  5 death cobs
  7 sphinxes
  Gastronok (Lair:3)
  3 ancient champions (Depths:2)
  Polyphemus (Shoals:2)
  6 tengu reavers
  3 storm dragons
  Aizul (Snake:1)
  4 shadow dragons (Vaults:5)
  Donald (Snake:1)
  11 fire giants
  2 draconian monks (Zot:5)
  8 nagarajas
  A draconian knight (Depths:4)
  Ilsuiw (Shoals:3)
  2 protean progenitors (Zot:5)
  8 frost giants
  3 deep elf sorcerers
  20 vault wardens
  A balrug (Depths:4)
  The ghost of tish the Bewitcher, an adept KoBr of Wu Jian (D:13)
  4 iron dragons
  An angel (D:8)
  A draconian scorcher (Zot:5)
  3 reapers (IceCv)
  4 deep elf elementalists (Elf:1)
  10 ironbound preservers
  A quicksilver ooze (Gauntlet)
  A draconian annihilator (Depths:4)
  7 ironbound thunderhulks
  13 very ugly things
  6 spriggan defenders
  2 formless jellyfish
  19 stone giants
  A deep elf demonologist (Vaults:5)
  2 vampire knights
  A lorocyproca (Zot:5)
  7 dire elephants
  A green draconian (Depths:4)
  3 purple draconians
  Azrael (D:15)
  2 war gargoyles
  2 deep elf death magi (Elf:1)
  A white draconian (Zot:5)
  A black draconian (Zot:5)
  4 spark wasps (Depths:3)
  2 deep elf annihilators
  A yellow draconian (Depths:4)
  5 red draconians
  A minotaur (Gauntlet)
  2 eidola
  10 fire dragons
  25 yaktaur captains
  4 entropy weavers
  5 merfolk javelineers
  4 merfolk impalers
  11 ettins
  An entropy weaver (shapeshifter) (D:14)
  38 vault guards
  A hell beast (Depths:2)
  6 ice dragons
  6 great orbs of eyes
  7 hydras
  2 sphinx zombies (D:15)
  A salamander tyrant (Snake:4)
  4 caustic shrike simulacra (IceCv)
  2 ogre magi
  Erolcha (D:10)
  6 merfolk aquamancers
  2 merfolk avatars (Shoals:4)
  4 boulder beetles
  12 ironbound frosthearts
  3 rakshasas
  2 alligator snapping turtles (Shoals:4)
  2 catoblepae
  An anaconda (shapeshifter) (Vaults:5)
  3 two-headed ogres
  5 spriggan air magi
  21 dancing weapons
  9 centaur warriors
  3 satyrs (Shoals:4)
  2 death knights
  14 anacondas
  6 tengu warriors
  8 deep troll shamans
  A vampire mage (Vaults:3)
  15 death yaks
  13 naga warriors
  2 orc high priests (Depths:1)
  2 shock serpents
  16 naga sharpshooters
  2 occultists (Depths:1)
  10 spriggan berserkers
  24 deep elf knights
  A sun demon (Depths:4)
  A thrashing horror (Abyss:1)
  8 hell knights
  Sonja (Orc:1)
  A soul eater (Gauntlet)
  2 fire crabs (Lair:5)
  2 wretched stars (Abyss:1)
  11 skysharks
  4 skeletal warriors (D:15)
  8 salamander mystics
  2 sixfirhies
  7 iron trolls
  Lodul (D:9)
  An orange crystal statue (Gauntlet)
  14 deep elf archers
  2 bog bodies (IceCv)
  2 flayed ghosts
  A quicksilver dragon simulacrum (Depths:2)
  7 mana vipers
  5 arcanists
  9 sea snakes
  A shadow demon (Depths:2)
  32 deep trolls
  3 glowing orange brains
  2 obsidian statues (IceCv)
  9 naga ritualists
  An orb spider (Zot:5)
  A spriggan simulacrum (IceCv)
  Pikel (D:7)
  31 harpies
  18 deep elf zephyrmancers
  5 orc knights
  4 phantasmal warriors
  6 thermic dynamos
  20 ironbound convokers
  5 necromancers
  6 lindwurms
  20 deep elf pyromancers
  A shining eye (Gauntlet)
  35 ugly things
  An orc sorcerer (Orc:1)
  13 manticores
  4 fauns (Shoals:2)
  7 cyclopes
  2 worldbinders (Abyss:1)
  A meliai (D:14)
  19 salamanders
  A meliai (shapeshifter) (D:14)
  16 vault sentinels
  3 apocalypse crabs
  6 merfolk sirens
  A black mamba (shapeshifter) (D:15)
  A dire elephant zombie (Abyss:1)
  A rust devil (Abyss:1)
  5 guardian serpents
  4 moths of wrath
  43 black mambas
  5 kobold blastminers
  2 molten gargoyles (Lair:5)
  3 elephants (Lair:5)
  A moth of wrath (shapeshifter) (Vaults:5)
  4 water nymphs
  2 smoke demons (Depths:4)
  An unseen horror (shapeshifter) (Elf:2)
  A torpor snail (Lair:5)
  8 naga magi
  9 cane toads
  4 large abominations (Abyss:1)
  A gargoyle (D:12)
  36 yaktaurs
  A minotaur zombie (Gauntlet)
  7 freezing wraiths
  12 komodo dragons
  9 rime drakes
  5 unseen horrors
  An efreet (D:15)
  4 tengu conjurers
  A golden dragon simulacrum (IceCv)
  An ice devil (IceCv)
  2 ancient zymes (Abyss:1)
  2 trolls
  6 wind drakes
  13 hornets
  3 polar bears
  38 merfolk
  A tarantella (Vaults:5)
  11 raiju (Abyss:1)
  21 blink frogs
  A glass eye (Gauntlet)
  6 dream sheep
  7 snapping turtles
  2 air elementals
  A jumping spider (Vaults:1)
  22 slime creatures
  3 ynoxinuls
  3 wraiths
  3 shadows
  2 vampires
  3 fire elementals
  13 spriggans
  2 starcursed masses
  18 water elementals
  17 wyverns
  2 wargs
  A minotaur simulacrum (IceCv)
  4 basilisks
  4 steam dragons
  23 yaks
  7 redbacks
  A neqoxec (Abyss:1)
  2 small abominations (Abyss:1)
  10 vampire mosquitoes
  37 nagas
  4 acid dragons
  4 hydra simulacra (IceCv)
  8 water moccasins
  12 hell hounds
  2 sky beasts (D:8)
  A swamp drake (D:11)
  2 ice beasts (D:5)
  4 black bears
  A black bear (shapeshifter) (Elf:2)
  4 laughing skulls (Abyss:1)
  30 orc warriors
  2 ettin simulacra (IceCv)
  7 boggarts
  7 ogres
  17 wolves
  14 centaurs
  A lemure (D:7)
  A phantom (D:6)
  2 kobold brigands
  A weeping skull (D:6)
  A brain worm (Abyss:1)
  9 bullfrogs
  12 scorpions
  2 gnoll sergeants (D:7)
  A deep troll simulacrum (IceCv)
  A water moccasin zombie (D:6)
  9 wights
  6 killer bees (D:9)
  11 howler monkeys
  2 electric eels (Lair:2)
  8 lava snakes
  2 bullfrog zombies (D:6)
  6 centaur zombies
  2 human zombies
  5 jellies
  5 hounds
  A jelly (shapeshifter) (Elf:2)
  A bombardier beetle (D:4)
  11 orc priests
  2 gnoll boudas (D:5)
  An iron imp (Abyss:1)
  Jessica (D:2)
  6 iguanas
  2 sleepcaps (D:4)
  13 orc wizards
  A scorpion zombie (Ossuary)
  4 hell rats (Lair:1)
  2 killer bee zombies (D:6)
  4 mummies
  15 gnolls
  7 adders
  3 shadow imps (Gauntlet)
  2 white imps
  2 ufetubi (D:6)
  2 adder zombies (Ossuary)
  2 ribbon worms
  6 dart slugs
  45 orcs
  10 ball pythons
  7 bats
  12 endoplasms
  5 giant cockroaches
  2 gnoll zombies (Ossuary)
  6 goblins
  6 hobgoblins
  5 quokkas
  8 frilled lizards
  A jackal zombie (Ossuary)
  10 kobolds
  3 orc zombies (Ossuary)
  5 rats
1814 creatures vanquished.

Vanquished Creatures (others)
  A fire giant (Vaults:5)
  An ugly thing (D:15)
  An orc (D:8)
  A lurking horror (Abyss:1)
4 creatures vanquished.

Grand Total: 1818 creatures vanquished

Notes
Turn   | Place    | Note
-------+----------+-------------------------------------------
     0 | D:1      | Flugkiller the Coglin Wanderer began the quest for the Orb.
     0 | D:1      | Flugkiller set off with the following items: a +0 dagger
                  | {Narong}, 9 poisoned darts, a +0 leather armour, a +0
                  | dagger {Urai}, 2 potions of curing; and the following spell
                  | memorised: Slow; and the following spells available to
                  | memorise: Jinxbite, Anguish.
     0 | D:1      | Reached XP level 1. HP: 15/15 MP: 2/2
    55 | D:1      | Reached skill level 1 in Short Blades
    63 | D:1      | Reached XP level 2. HP: 18/21 MP: 3/3
   329 | D:1      | Reached XP level 3. HP: 26/26 MP: 4/4
   857 | D:2      | Reached XP level 4. HP: 28/32 MP: 5/5
  1244 | D:2      | Noticed Jessica
  1254 | D:2      | Killed Jessica
  1706 | D:3      | Found a hazy altar of Hepliaklqana.
  1708 | D:3      | Found an iron altar of Okawaru.
  1754 | D:3      | Became a worshipper of Warmaster Okawaru
  1859 | D:3      | Reached XP level 5. HP: 37/37 MP: 6/6
  2142 | D:3      | Reached skill level 1 in Dodging
  2530 | D:4      | Reached XP level 6. HP: 43/47 MP: 7/7
  2803 | D:4      | Reached * piety under Okawaru
  2804 | D:4      | Reached skill level 2 in Dodging
  3026 | D:5      | Entered Level 5 of the Dungeon
  3061 | D:5      | Found a hide-covered altar of Uskayaw.
  3114 | D:5      | Noticed a black bear
  3149 | D:5      | Killed a black bear
  3150 | D:5      | Reached skill level 3 in Dodging
  3150 | D:5      | Reached XP level 7. HP: 39/54 MP: 8/8
  3343 | D:5      | Found a staircase to the Ecumenical Temple.
  3358 | D:5      | Found a glowing golden altar of the Shining One.
  3413 | D:5      | Noticed Grinder
  3535 | D:5      | Reached skill level 4 in Dodging
  3535 | D:5      | Reached skill level 1 in Invocations
  4247 | D:5      | Reached ** piety under Okawaru
  4439 | D:6      | Found a sand-covered staircase.
  4448 | D:6      | Reached XP level 8. HP: 54/60 MP: 10/10
  4455 | Ossuary  | Entered an ossuary
  4637 | Ossuary  | Reached skill level 5 in Fighting
  4699 | Ossuary  | Reached skill level 5 in Short Blades
  4699 | Ossuary  | Reached skill level 5 in Dodging
  4750 | Ossuary  | Reached *** piety under Okawaru
  4829 | Ossuary  | Reached XP level 9. HP: 48/69 MP: 11/11
  5513 | D:6      | Found a stormy altar of Qazlal.
  5584 | D:6      | Reached skill level 6 in Dodging
  5617 | D:6      | Reached skill level 1 in Evocations
  5697 | D:6      | Reached **** piety under Okawaru
  5724 | D:6      | Found a basalt altar of Yredelemnul.
  6270 | D:7      | Noticed Pikel
  6313 | D:7      | Killed Pikel
  6313 | D:7      | Reached ***** piety under Okawaru
  6314 | D:7      | Reached skill level 5 in Invocations
  6571 | D:6      | Reached XP level 10. HP: 65/76 MP: 14/14
  6643 | D:7      | Found Suugacw's Magic Scroll Shoppe.
  7237 | D:7      | Gained mutation: Your body sometimes deteriorates upon
                  | taking damage. [potion of mutation]
  7276 | D:7      | Lost mutation: Your body sometimes deteriorates upon taking
                  | damage. [potion of mutation]
  7276 | D:7      | Gained mutation: You expend magic power (3 MP) to
                  | strengthen your wands. [potion of mutation]
  7383 | D:7      | Identified the +7 flail of Fate {drain, *Noise rF+ rCorr
                  | Int+3}
  8351 | D:8      | Reached skill level 7 in Dodging
  8464 | D:8      | Found a radiant altar of Vehumet.
  8594 | D:8      | Received a gift from Okawaru
  8744 | D:8      | Found a sparkling altar of Nemelex Xobeh.
  8935 | D:8      | Reached skill level 5 in Evocations
  8964 | D:8      | Reached skill level 8 in Dodging
  9072 | D:9      | Reached XP level 11. HP: 76/81 MP: 15/15
  9693 | D:9      | Noticed a two-headed ogre
  9739 | D:9      | Killed a two-headed ogre
 10020 | D:10     | Entered Level 10 of the Dungeon
 10394 | D:10     | Noticed a two-headed ogre
 10418 | D:10     | Killed a two-headed ogre
 10476 | D:10     | Noticed a two-headed ogre
 10485 | D:10     | Killed a two-headed ogre
 10485 | D:10     | Reached ****** piety under Okawaru
 10488 | D:9      | Acquired a +2 vampiric quick blade
 10488 | D:9      | Received a gift from Okawaru
 10490 | D:9      | Acquired the +4 ring mail of Pragmatism {Str+6}
 10490 | D:9      | Received a gift from Okawaru
 10687 | D:10     | Noticed Lodul
 10688 | D:10     | Noticed Erolcha
 10711 | D:9      | Killed Lodul
 10711 | D:9      | Received a gift from Okawaru
 10885 | D:10     | Killed Erolcha
 11257 | D:10     | Found Ecearioq's Armour Shoppe.
 11346 | D:10     | Noticed a sea snake
 11346 | D:10     | Noticed a sea snake
 11349 | D:10     | Noticed a sea snake
 11550 | D:11     | Identified a scroll of acquirement
 11551 | D:11     | Acquired the +9 short sword of Grace {heavy, ^Contam rN++
                  | SInv}
 11687 | D:11     | Found a staircase to the Orcish Mines.
 11687 | D:11     | Found Voac's Weapon Shoppe.
 11687 | D:11     | Noticed an orc knight
 11780 | D:11     | Killed an orc knight
 11781 | D:11     | Reached skill level 9 in Dodging
 11829 | D:11     | Received a gift from Okawaru
 11830 | D:11     | Reached XP level 12. HP: 74/92 MP: 0/16
 12155 | D:11     | Reached skill level 10 in Short Blades
 12335 | D:11     | Found a staircase to the Lair.
 12534 | Lair:1   | Entered Level 1 of the Lair of Beasts
 12658 | Lair:1   | Received a gift from Okawaru
 13201 | Lair:1   | Found a runed translucent door.
 13831 | Lair:2   | Noticed an eight-headed hydra
 13850 | Lair:2   | Killed an eight-headed hydra
 13984 | Lair:2   | Reached skill level 5 in Armour
 14013 | Lair:2   | Found a runed translucent door.
 14013 | Lair:2   | Noticed anet's ghost (journeyman GrCj)
 14054 | Lair:2   | Found a staircase to the Shoals.
 14361 | Lair:2   | Received a gift from Okawaru
 14454 | Lair:2   | Reached XP level 13. HP: 101/101 MP: 0/19
 14672 | Lair:2   | Reached skill level 10 in Dodging
 15303 | Lair:3   | Noticed Gastronok
 15345 | Lair:3   | Killed Gastronok
 15345 | Lair:3   | Received a gift from Okawaru
 15346 | Lair:3   | Reached skill level 10 in Fighting
 15952 | Lair:3   | Found a staircase to the Snake Pit.
 16132 | Lair:3   | Reached skill level 11 in Dodging
 16553 | Lair:4   | Received a gift from Okawaru
 17106 | D:10     | Bought a +2 pair of gloves of stealth for 279 gold pieces
 17338 | Lair:4   | Found a viscous altar of Jiyva.
 17428 | Lair:4   | Found a staircase to the Slime Pits.
 17817 | Lair:5   | Entered Level 5 of the Lair of Beasts
 17835 | Lair:5   | Received a gift from Okawaru
 17836 | Lair:5   | Reached XP level 14. HP: 110/110 MP: 20/20
 17876 | Lair:4   | Acquired a bismuth compensator {Will+ Slay+3 Clar RMsl}
 17932 | Lair:5   | Received a gift from Okawaru
 18400 | Lair:5   | Identified the +0 plate armour "Icwat" {rF++ Dex+2}
 18999 | Lair:5   | Received a gift from Okawaru
 19324 | Lair:5   | Found a large runed translucent door.
 19325 | Lair:5   | Found a large runed translucent door.
 19611 | Orc:1    | Entered Level 1 of the Orcish Mines
 19620 | Orc:1    | Noticed Sonja
 19627 | Orc:1    | Killed Sonja
 19825 | Orc:2    | Entered Level 2 of the Orcish Mines
 20075 | Orc:2    | Reached skill level 12 in Dodging
 20548 | Orc:2    | Found a staircase to the Elven Halls.
 20642 | Orc:2    | Received a gift from Okawaru
 20733 | Orc:2    | Found Cegriug's Armour Boutique.
 20733 | Orc:2    | Found Zimamp's Antique Armour Shoppe.
 20735 | Orc:2    | Found Jelur's Distillery.
 20737 | Orc:2    | Found Favem's Antique Armour Shop.
 20744 | Orc:2    | Bought a potion of heal wounds for 85 gold pieces
 20744 | Orc:2    | Bought a potion of heal wounds for 85 gold pieces
 20744 | Orc:2    | Bought a potion of heal wounds for 85 gold pieces
 21178 | D:12     | Reached skill level 13 in Dodging
 21405 | D:13     | Reached XP level 15. HP: 115/115 MP: 21/21
 21406 | D:13     | Noticed Rupert
 21411 | D:13     | Paralysed by Rupert for 2 turns
 21646 | D:13     | Killed Rupert
 22046 | D:13     | Found a runed translucent gate.
 22046 | D:13     | Found a runed translucent gate.
 22046 | D:13     | Found a runed translucent gate.
 22049 | D:13     | Noticed tish's ghost (adept KoBr)
 22117 | D:13     | Received a gift from Okawaru
 22140 | D:13     | Killed tish's ghost
 22146 | D:13     | Identified the +1 scimitar of Wesatus {drain, Str+6}
 22184 | D:14     | Found a gate leading to a gauntlet.
 22188 | Gauntlet | Entered a Gauntlet
 22188 | Gauntlet | Found a transporter.
 22188 | Gauntlet | Found a runed translucent door.
 22195 | Gauntlet | Found a runed translucent door.
 22197 | Gauntlet | Found a transporter.
 22200 | Gauntlet | Found a transporter.
 22201 | Gauntlet | Found a transporter.
 22207 | Gauntlet | Found a runed translucent gate.
 22209 | Gauntlet | Found a transporter.
 22210 | Gauntlet | Found a runed translucent gate.
 22211 | Gauntlet | Found a runed translucent gate.
 22212 | Gauntlet | Found a transporter.
 22213 | Gauntlet | Found a transporter.
 22225 | Gauntlet | Found a transporter.
 22226 | Gauntlet | Found a transporter.
 22226 | Gauntlet | Found a transporter.
 22234 | Gauntlet | Found a transporter.
 22237 | Gauntlet | Found a transporter.
 22238 | Gauntlet | Found a transporter.
 22246 | Gauntlet | Found a transporter.
 22536 | Gauntlet | Gained mutation: Your body sometimes deteriorates upon
                  | taking damage. [a shining eye]
 22647 | Gauntlet | Got the Almanac of Ill Luck
 22647 | Gauntlet | Got Sif Muna's Incunabulum of Twinkling Nephomancy
 22721 | D:13     | Learned a level 3 spell: Confusing Touch
 22840 | D:14     | Found a gate to the Vaults.
 23112 | D:14     | Received a gift from Okawaru
 23737 | D:15     | Entered Level 15 of the Dungeon
 23755 | D:14     | Reached skill level 10 in Evocations
 23869 | D:15     | Noticed Azrael
 24613 | D:15     | Found a hide-covered altar of Uskayaw.
 25138 | D:15     | Received a gift from Okawaru
 25190 | D:15     | Killed Azrael
 25410 | D:15     | Found a portal to a secret trove of treasure.
 25497 | D:15     | Found a staircase to the Depths.
 25702 | D:15     | Reached XP level 16. HP: 123/129 MP: 22/22
 26088 | Elf:1    | Entered Level 1 of the Elven Halls
 26487 | Orc:2    | Paralysed by an air elemental for 1 turns
 27155 | Elf:1    | Received a gift from Okawaru
 27156 | Elf:1    | Reached skill level 14 in Dodging
 27495 | Elf:1    | Identified the ring of the Endless Expanse {^Contam Fly
                  | Will+ rCorr}
 27834 | Elf:1    | Noticed Zenata
 27854 | Arena    | Entered the Arena
 27860 | Arena    | Killed Zenata
 27860 | Arena    | Received a gift from Okawaru
 27861 | Arena    | Reached skill level 15 in Fighting
 28188 | Elf:1    | Found Zexotas's Assorted Antiques.
 28690 | Elf:1    | Reached skill level 5 in Hexes
 29029 | Elf:2    | Reached XP level 17. HP: 99/142 MP: 23/23
 29149 | Elf:2    | Received a gift from Okawaru
 29165 | Elf:2    | Found Goocaz's Weapon Shoppe.
 29181 | Elf:2    | Found Geopriarch's Jewellery Shoppe.
 29275 | Elf:2    | Found a huge runed translucent gate.
 29275 | Elf:2    | Found a huge runed translucent gate.
 29275 | Elf:2    | Found a huge runed translucent gate.
 29275 | Elf:2    | Found a huge runed translucent gate.
 29276 | Elf:2    | Found a huge runed translucent gate.
 29304 | Elf:2    | Found Bolopp's Weapon Shoppe.
 29939 | Elf:2    | Reached skill level 5 in Spellcasting
 29989 | Elf:2    | Received a gift from Okawaru
 30004 | Elf:2    | Identified the blade talisman "Peuxeing" {Str+3}
 30776 | Snake:1  | Entered Level 1 of the Snake Pit
 31392 | Snake:1  | Received a gift from Okawaru
 31426 | Snake:1  | Reached skill level 10 in Hexes
 31442 | Snake:1  | You fall into a shaft and drop 1 floor!
 31954 | Snake:1  | Noticed Donald
 31971 | Snake:1  | Killed Donald
 32300 | Snake:1  | Identified the serpent talisman "Iklueqid" {rF- rC- Str+8
                  | Dex+2}
 32300 | Snake:1  | Noticed Aizul
 32318 | Snake:1  | Killed Aizul
 32420 | Snake:1  | Received a gift from Okawaru
 32756 | Snake:2  | Reached XP level 18. HP: 134/149 MP: 25/25
 32861 | Snake:2  | Noticed Vashnia
 33923 | Snake:2  | Killed Vashnia
 33923 | Snake:2  | Received a gift from Okawaru
 34270 | Snake:3  | Found a glacial archway.
 34276 | IceCv    | Entered an ice cave
 35905 | IceCv    | Received a gift from Okawaru
 36366 | Abyss:1  | Cast into level 1 of the Abyss (salamander)
 36476 | Abyss:1  | Acquired the +1 cloak of Spite {Will- Regen+ rCorr Str+4}
 36497 | Abyss:1  | Found a corrupted altar of Lugonu.
 36851 | Snake:3  | Escaped the Abyss
 36856 | Snake:3  | Received a gift from Okawaru
 37198 | Snake:3  | Noticed Ciar's ghost (adept GrCj)
 37208 | Snake:3  | Found a transporter.
 37237 | Snake:3  | Found a transporter.
 37440 | Snake:3  | Reached skill level 15 in Dodging
 37918 | Snake:4  | Entered Level 4 of the Snake Pit
 38013 | Snake:4  | Received a gift from Okawaru
 38095 | Snake:4  | Found Fikeud's Weapon Shoppe.
 38133 | Snake:4  | Found a radiant altar of Vehumet.
 38232 | Snake:4  | Reached XP level 19. HP: 151/161 MP: 26/26
 39325 | Snake:4  | Reached skill level 10 in Invocations
 39828 | Snake:4  | Lost mutation: Your body sometimes deteriorates upon taking
                  | damage. [potion of mutation]
 39828 | Snake:4  | Lost mutation: You expend magic power (3 MP) to strengthen
                  | your wands. [potion of mutation]
 39828 | Snake:4  | Gained mutation: You passively dampen the noise of your
                  | surroundings. [potion of mutation]
 39829 | Snake:4  | Lost mutation: You passively dampen the noise of your
                  | surroundings. [potion of mutation]
 39829 | Snake:4  | Gained mutation: You passively dampen the noise of your
                  | surroundings. [potion of mutation]
 39829 | Snake:4  | Gained mutation: You have a pair of small horns on your
                  | head. [potion of mutation]
 39829 | Snake:4  | Gained mutation: You have a pair of horns on your head.
                  | [potion of mutation]
 39830 | Snake:4  | Lost mutation: You passively dampen the noise of your
                  | surroundings. [potion of mutation]
 39830 | Snake:4  | Lost mutation: You have a pair of horns on your head.
                  | [potion of mutation]
 39830 | Snake:4  | Lost mutation: You have a pair of small horns on your head.
                  | [potion of mutation]
 39830 | Snake:4  | Gained mutation: Your spells are a little easier to cast,
                  | but a little less powerful. [potion of mutation]
 39830 | Snake:4  | Gained mutation: Your magical capacity is low. (-10% MP)
                  | [potion of mutation]
 39830 | Snake:4  | Gained mutation: Your movements are slightly less
                  | encumbered by armour. (ER -2) [potion of mutation]
 39831 | Snake:4  | Lost mutation: Your movements are slightly less encumbered
                  | by armour. (ER -2) [potion of mutation]
 39831 | Snake:4  | Lost mutation: Your magical capacity is low. (-10% MP)
                  | [potion of mutation]
 39831 | Snake:4  | Gained mutation: You have a pair of small horns on your
                  | head. [potion of mutation]
 39831 | Snake:4  | Gained mutation: You passively dampen the noise of your
                  | surroundings. [potion of mutation]
 39831 | Snake:4  | Gained mutation: You expend magic power (3 MP) to
                  | strengthen your wands. [potion of mutation]
 39831 | Snake:4  | Gained mutation: You have a pair of horns on your head.
                  | [potion of mutation]
 39832 | Snake:4  | Lost mutation: Your spells are a little easier to cast, but
                  | a little less powerful. [potion of mutation]
 39832 | Snake:4  | Lost mutation: You expend magic power (3 MP) to strengthen
                  | your wands. [potion of mutation]
 39832 | Snake:4  | Lost mutation: You passively dampen the noise of your
                  | surroundings. [potion of mutation]
 39832 | Snake:4  | Gained mutation: You have a pair of large horns on your
                  | head. [potion of mutation]
 39832 | Snake:4  | Gained mutation: Potions are less effective at restoring
                  | your health. [potion of mutation]
 39832 | Snake:4  | Gained mutation: You are robust. (+10% HP) [potion of
                  | mutation]
 40471 | Snake:4  | Got a serpentine rune of Zot
 40497 | Snake:4  | Received a gift from Okawaru
 40827 | Shoals:1 | Entered Level 1 of the Shoals
 41275 | Shoals:1 | Found Winweytu's Weapon Shop.
 41743 | Shoals:2 | Found Luidygh's CLEARANCE SALE!.
 41872 | Shoals:2 | Noticed Polyphemus
 41960 | Shoals:2 | Killed Polyphemus
 41960 | Shoals:2 | Received a gift from Okawaru
 42270 | Shoals:2 | Reached skill level 16 in Dodging
 42641 | Shoals:3 | Found a runed translucent door.
 42666 | Shoals:3 | Noticed Ilsuiw
 43242 | Shoals:3 | Killed Ilsuiw
 43265 | Shoals:3 | Received a gift from Okawaru
 43484 | Shoals:3 | Found a corrupted altar of Lugonu.
 43485 | Shoals:3 | Found a one-way gate to the infinite horrors of the Abyss.
 43749 | Shoals:4 | Entered Level 4 of the Shoals
 43782 | Shoals:4 | Reached XP level 20. HP: 174/187 MP: 27/27
 44054 | Shoals:4 | Reached skill level 17 in Dodging
 44200 | Shoals:4 | Identified the +8 dagger of Causality {flame, +Blink Dex+4}
 44584 | Shoals:4 | Received a gift from Okawaru
 45237 | Shoals:4 | Got a barnacled rune of Zot
 45656 | Orc:2    | Bought the +0 pair of boots "Watt" {rC+ rN++ Int-4} for 247
                  | gold pieces
 45800 | Vaults:1 | Entered Level 1 of the Vaults
 45913 | Vaults:1 | Reached skill level 18 in Dodging
 46084 | D:14     | Gained mutation: Your body sometimes deteriorates upon
                  | taking damage. [mutagenic glow]
 46219 | Vaults:1 | Found Leupnoec's Weapon Shop.
 46230 | Vaults:1 | Received a gift from Okawaru
 46946 | Vaults:1 | Reached skill level 19 in Dodging
 46965 | Vaults:1 | Received a gift from Okawaru
 47383 | Vaults:2 | Noticed Mara
 47400 | Vaults:2 | Noticed Flugkiller's illusion
 47402 | Vaults:2 | Killed Mara
 47476 | Vaults:2 | Reached XP level 21. HP: 194/194 MP: 28/28
 47499 | Vaults:2 | Received a gift from Okawaru
 47568 | Vaults:2 | Identified the +1 leather armour of the Tortured God {Int+3
                  | Slay+3}
 47618 | Vaults:2 | Noticed Asterion
 47628 | Vaults:2 | Killed Asterion
 47633 | Vaults:2 | Reached skill level 20 in Dodging
 47868 | Vaults:2 | Noticed Norris
 47900 | Vaults:2 | Killed Norris
 48030 | Vaults:2 | Paralysed by a formless jellyfish for 1 turns
 48169 | Vaults:2 | Identified the ring "Jumoax" {rN+ rCorr}
 48636 | Vaults:3 | Reached skill level 21 in Dodging
 48640 | Vaults:3 | Received a gift from Okawaru
 48992 | Vaults:3 | Identified the +1 pair of boots of Mutualism {Harm rPois
                  | Will-}
 49074 | Vaults:3 | Found a staircase to the Crypt.
 49093 | Vaults:3 | Found a flickering gateway to a bazaar.
 49153 | Bazaar   | Entered a bazaar
 49161 | Bazaar   | Found Routivonae's Book Shop.
 49173 | Bazaar   | Found Ahauh's Antique Armour Shop.
 49207 | Bazaar   | Bought a warped scale mail for 189 gold pieces
 49207 | Bazaar   | Identified the +1 scale mail of Trial and Error {^Contam
                  | rF+++ Str+4} (You bought it in a shop in a bazaar)
 49209 | Bazaar   | Bought a warped chain mail for 199 gold pieces
 49209 | Bazaar   | Identified the +0 chain mail "Zizo" {Will+ Str-5 Dex+4
                  | Stlth+} (You bought it in a shop in a bazaar)
 49454 | Vaults:3 | Received a gift from Okawaru
 50286 | Vaults:4 | Reached skill level 22 in Dodging
 50409 | Vaults:4 | Reached XP level 22. HP: 200/202 MP: 29/29
 50759 | Vaults:4 | Received a gift from Okawaru
 50822 | Vaults:4 | Found Doug's Jewellery Shop.
 51296 | Depths:1 | Entered Level 1 of the Depths
 51383 | Depths:1 | Noticed Saint Roka
 51458 | Depths:1 | Killed Saint Roka
 51655 | Depths:1 | Found a one-way gateway to a ziggurat.
 51878 | Depths:1 | Found a gateway to Hell.
 51951 | Depths:1 | Noticed the Enchantress
 51959 | Depths:1 | Reached skill level 23 in Dodging
 51965 | Arena    | Entered the Arena
 51998 | Depths:1 | Killed the Enchantress
 52124 | Depths:1 | Received a gift from Okawaru
 52945 | Depths:1 | Found a shimmering blue altar of Sif Muna.
 52992 | Depths:2 | Found a one-way gate leading to the halls of Pandemonium.
 53030 | Depths:2 | Found a sacrificial altar of Ru.
 53514 | Depths:2 | Found an ancient bone altar of Kikubaaqudgha.
 53565 | Depths:2 | Received a gift from Okawaru
 53618 | Depths:2 | Reached skill level 24 in Dodging
 54352 | Depths:2 | Reached XP level 23. HP: 203/209 MP: 30/30
 54563 | Depths:2 | Received a gift from Okawaru
 54634 | Depths:2 | Noticed a juggernaut
 54650 | Depths:2 | Killed a juggernaut
 55224 | Depths:3 | Reached skill level 25 in Dodging
 55296 | Depths:3 | Found a blossoming altar of Fedhas.
 55528 | Depths:3 | Received a gift from Okawaru
 55539 | Depths:3 | Noticed a juggernaut
 55567 | Depths:3 | Killed a juggernaut
 55591 | Depths:3 | Noticed a golden dragon
 55948 | Depths:3 | Killed a golden dragon
 56230 | Depths:3 | Found a blossoming altar of Fedhas.
 56416 | Depths:4 | Entered Level 4 of the Depths
 56967 | Depths:4 | Received a gift from Okawaru
 56987 | Depths:4 | Noticed a golden dragon
 57238 | Depths:4 | Reached skill level 26 in Dodging
 57333 | Depths:4 | Noticed a golden dragon
 57551 | Depths:3 | Killed a golden dragon
 58393 | Depths:4 | Killed a golden dragon
 58401 | Depths:4 | Found a gate to the Realm of Zot.
 58890 | Depths:4 | Identified the +0 pair of boots of the Will of the Gods
                  | {rElec rPois Int-2}
 59121 | D:15     | You paid a toll of +2 gold dragon scales to enter a
                  | treasure trove
 59122 | Trove    | Entered a treasure trove
 59336 | Vaults:5 | Entered Level 5 of the Vaults
 59411 | Vaults:5 | Reached XP level 24. HP: 204/216 MP: 30/30
 59484 | Vaults:5 | Received a gift from Okawaru
 59586 | Vaults:5 | Noticed Xtahua
 59611 | Vaults:5 | Killed Xtahua
 59621 | Vaults:5 | Identified the ring of Res Nullius {rC+ rCorr Str+6}
 59839 | Vaults:5 | Found the +3 pair of mountain boots {steadfast, rC+}
 60025 | Vaults:5 | Identified the amulet "Qeischesk" {Spirit Will++}
 60032 | Vaults:5 | Found the +8 frozen axe "Frostbite" {freeze, freezing
                  | cloud, *Noise Fly rC+}
 60064 | Vaults:5 | Identified the +4 robe of Samm {Rampage rPois}
 60064 | Vaults:5 | Noticed Boris
 60101 | Vaults:4 | Received a gift from Okawaru
 60577 | Vaults:5 | Killed Boris
 60771 | Vaults:5 | Identified the +3 triple sword of Defilement {spect, rPois
                  | rN+}
 60780 | Vaults:5 | Identified the +4 hand axe "Aling" {flame, rPois}
 60794 | Vaults:5 | Identified the +5 plate armour of Vanity {Will+ Str+3}
 61021 | Vaults:5 | Identified the ring of Anyos {rF+ rC+ Will+ Int+3}
 61085 | Vaults:5 | Received a gift from Okawaru
 61435 | Vaults:5 | Got a silver rune of Zot
 61449 | Vaults:5 | Identified the amulet of the Scavenger {RegenMP ^Drain rN+
                  | Regen+ RegenMP+}
 62053 | Zot:1    | Entered Level 1 of the Realm of Zot
 62385 | D:7      | Bought a scroll of enchant weapon for 105 gold pieces
 62385 | D:7      | Bought a scroll of fog for 56 gold pieces
 62564 | Elf:1    | Bought a scroll of acquirement for 1768 gold pieces
 62564 | Elf:1    | Acquired the +12 chain mail "Exkoefru" {Str+7}
 63000 | Zot:3    | Reached skill level 1 in Stealth
 63071 | Zot:5    | Entered Level 5 of the Realm of Zot
 63403 | Zot:5    | Reached skill level 5 in Stealth
 63699 | Zot:5    | Got a prismatic gem with 281 turns to spare
 63711 | Zot:5    | Reached XP level 25. HP: 201/231 MP: 30/30
 63979 | Zot:5    | Noticed an orb of fire
 64004 | Zot:5    | Killed an orb of fire
 64004 | Zot:5    | Received a gift from Okawaru
 64882 | Arena    | Entered the Arena
 64905 | Zot:5    | Noticed a dread lich
 64918 | Zot:5    | Noticed a Killer Klown
 64919 | Arena    | Entered the Arena
 64923 | Arena    | Killed a dread lich
 64928 | Zot:5    | Noticed a dread lich
 64928 | Zot:5    | Noticed an orb of fire
 64933 | Arena    | Entered the Arena
 64939 | Arena    | Killed a dread lich
 64951 | Zot:5    | Gained mutation: You have hidden genetic defects. [an orb
                  | of fire]
 64954 | Zot:5    | Noticed an orb of fire
 64955 | Zot:5    | Noticed an orb of fire
 64957 | Zot:5    | Noticed a Killer Klown
 64957 | Zot:5    | Gained mutation: You do not regenerate when monsters are
                  | visible. [an orb of fire]
 64961 | Zot:5    | Noticed a dread lich
 64961 | Zot:5    | Noticed a dread lich
 64963 | Zot:5    | Noticed an orb of fire
 64963 | Zot:5    | Noticed a Killer Klown
 64965 | Zot:5    | Got the Orb of Zot
 64965 | Zot:5    | Noticed an orb of fire
 64968 | Zot:5    | Gained mutation: You sometimes lose your temper in combat.
                  | [an orb of fire]
 64968 | Zot:5    | Gained mutation: Your health recovers twice as slowly from
                  | being drained. [an orb of fire]
 64969 | Zot:5    | Gained mutation: You are dopey. (Int -2) [an orb of fire]
 64983 | Zot:5    | Noticed an orb of fire
 65000 | Zot:5    | Killed an orb of fire
 65018 | Zot:5    | Killed an orb of fire
 65590 | D:1      | gg
 65591 | D:$      | Escaped with the Orb!

Illustrated notes

####### ##### #.....# #....
################.....#####....
#..†...........'..............
#....###########..............
#...####.#.#.#.#.#+##.........
##.## #.#.#.#.#.#.#.#.........
##(# ##.#.≈≈≈≈≈.#.##.........
###[.# #.#.#≈.@.≈#.#.#.........
##....# ##.#.≈...≈.#.##.........
......# #.#.#≈...≈#.#...........
......#####.#.~~~~~.#.#.#########
.........#.#.#.#.#.#.#..#
.........##'#.#.#.#.#.###
.....[.............####
..##.....#......##.####
..##.....#............#


Turn 65590 on D:1: gg

Levels and vault maps discovered:
D:1:      ncdulo_watergridlock, layout_basic
D:2:      layout_basic, minmay_randomly_rotated_circles, uniq_jessica
D:3:      layout_loops_corners, grunt_temple_overflow_open, minmay_hedge_maze,
          minmay_tree_intersection
D:4:      layout_rooms, hangedman_abyss_or_decor_stagger, lemuel_flame_loot_1
D:5:      minmay_chambers_of_threes, layout_gridville, lemuel_round_altar,
          tso_oasis_becter, minmay_temple_entry_poolview, uniq_grinder
D:6:      layout_cave_pools, lemuel_mausoleum_altar_yredelemnul,
          lemuel_crystal_altar, lightli_ossuary_entry_decrepit_ruins
D:7:      layout_rooms, serial_shops, nicolae_shop_competitors_out_of_business,
          blue_anna_alchemist, uniq_pikel
D:8:      layout_loops_cross, nemelex_xobeh_ov_fountains_minmay,
          vehumet_crystals, kennysheep_small_square
D:9:      layout_basic, chequers_serial_rivers_room_b,
          amcnicky_mini_rare_corridor_liquid
D:10:     layout_loops_ring, serial_aquarium, aquarium_bridge_straight
          [aquarium_subvault_bridge, aquarium_subvault_wall,
          aquarium_subvault_bridge, aquarium_subvault_wall],
          aquarium_window_fake, aquarium_window_1, aquarium_window_1,
          aquarium_view_2b, aquarium_view_2c, aquarium_balcony_3a,
          aquarium_pool_2, serial_shops, shop, uniq_erolcha, uniq_lodul
D:11:     layout_roguey, erik_lair_dragon, orc_david_3
D:12:     layout_rooms
D:13:     layout_rooms, gammafunk_ghost_hydra_chop, uniq_rupert
D:14:     layout_gridville, david_vaults_2, gauntlet_entry_generic,
          minmay_increasing_density
D:15:     gammafunk_depths_entry_grave, layout_long_grid,
          nicolae_trove_entry_columns, nicolae_uskayaw_dance_hall,
          hangedman_decor_opposing, uniq_azrael
Lair:1:   gammafunk_lair_enchanted_lake, layout_cave_pods, grunt_megastairs_5
Lair:2:   layout_cave_pods, elwin_shoals_entry_stream,
          ebering_ghost_inner_flame, serial_bayou_shore_a,
          infiniplex_staircase_pool_2, lemuel_fruit_tree
Lair:3:   layout_loops_ring, nicolae_snake_entry_warm_welcome,
          beast_lair_carwin_4, grunt_megastairs_2, uniq_gastronok
Lair:4:   layout_loops_ring, nicolae_slime_entry_slimehenge, minivault_27,
          minmay_lair_drake_nest
Lair:5:   cheibrodos_lair_end_hotspot, layout_regular_city
Shoals:1: layout_shoals, serial_shops, nicolae_take_the_stairs
Shoals:2: layout_shoals, nicolae_shop_clearance, uniq_polyphemus
Shoals:3: layout_shoals, nicolae_shoals_abyss_on_the_beach, uniq_ilsuiw
Shoals:4: shoals_end_simple, layout_shoals
Snake:1:  layout_basic, uniq_aizul, uniq_donald
Snake:2:  layout_onion, uniq_vashnia
Snake:3:  layout_basic, gammafunk_ghost_arena,
          portal_ice_cave_entry_horrid_things
Snake:4:  johnstein_snake_rune_scales, layout_rooms, basic_altar, serial_shops,
          nicolae_square_shop, nicolae_snake_lava_pool
Orc:1:    layout_diamond_mine, nicolae_orc_pool_cavern, uniq_sonja,
          uniq_nergalle, uniq_snorg
Orc:2:    st_orc_rangers, layout_caves, nicolae_orc_stony_grotto
Elf:1:    kennysheep_room_grid, layout_loops_cross, serial_shops,
          nicolae_shop_real_fake_doors, guppyfry_library_mini, uniq_zenata
Elf:2:    elven_hall_of_blades_hangedman_alternative
          [nicolae_blade_entry_floor_patterns], layout_gridlike, serial_shops,
          shop, nicolae_shop_hallway_plus, shop, grunt_ministairs_6,
          lemuel_upstairs_altar
Vaults:1: ontoclasm_vaults_pinch, grunt_vaults_funnel, hangedman_vaults_maws,
          nicolae_vaults_swerve, v_misc_16, nicolae_vaults_sesquioval_fish,
          nicolae_vaults_sightless_eye, nicolae_vaults_taking_the_gang_shopping,
          nicolae_vaults_more_shelving_2, nicolae_vaults_security_offices_5,
          layout_vaults_omnigrid
Vaults:2: nicolae_vaults_apartment_1, hangedman_vaults_cutoff,
          nicolae_vaults_minivaults, nicolae_vaults_network_barrier,
          vaults_room_pool, v_misc_31, nicolae_vaults_storage_room_glass,
          nicolae_vaults_heart-shaped_vault, v_misc_18,
          nicolae_vaults_octothorpe, layout_vaults_omnicross, uniq_mara,
          uniq_norris, uniq_asterion
Vaults:3: minmay_crypt_entry_simple_statues, grunt_vaults_focal, v_misc_17,
          nicolae_vaults_oval_intersection, v_misc_2,
          nicolae_vaults_offset_grid_hallway_2, v_pattern_5,
          ontoclasm_vaults_loading_screen, v_misc_25, hangedman_vaults_cutoff,
          kb_rosetta, nicolae_vaults_heist, nicolae_vaults_little_ls,
          vaults_room_stairs_pillars, layout_vaults_maze_bifur, serial_shops,
          bzr_in_the_mist
Vaults:4: v_misc_11, v_alt_pattern_4, vaults_mumra_minichess_inversion,
          v_misc_11, hangedman_vaults_pinch, nicolae_vaults_mini_display_case,
          nicolae_vaults_trapezoid_1, hangedman_vaults_capsules,
          vaults_room_large_hall, nicolae_vaults_storage_room_statues,
          layout_vaults_ring, serial_shops, nicolae_shop_gaudy_bauble
Vaults:5: uniq_boris, uniq_xtahua
Depths:1: minmay_skeletal_surprise, layout_basic, enter_ziggurat_b,
          pf_coc_iceberg, led_sif_pool, serial_bayou_shore_b, uniq_enchantress,
          uniq_saint_roka
Depths:2: minmay_swirls_squares, layout_cave_pools, serial_column_ruins,
          column_ruins_portal_squares, column_ruins_hut_ruined,
          column_ruins_grid_2, column_ruins_corridor_water,
          column_ruins_corridor_plus, column_ruins_open_tiny,
          grunt_mini_vestibule, rand_demon_pan_entry_7,
          kiku_gazebo_garden_becter, nicolae_ru_great_annihilating_truth
Depths:3: minmay_bloctagon, layout_gridville, fedhas_altar_2, hell_entry,
          abyss_entry_crystal
Depths:4: grunt_x_marks_the_spot, layout_basic, hellmouth_1
Zot:1:    layout_cathedral_of_symmetry, hangedman_zot_decor_slant,
          lemuel_lich_library
Zot:2:    layout_cathedral_of_symmetry, regret_index_zotdec_stipple_waver,
          grunt_megastairs_3, uniq_parghit, uniq_vv
Zot:3:    layout_twisted_circle, regret_index_zotdec_onion_hex,
          regret_index_zotdec_twisting_globes
Zot:4:    nicolae_moth_party, layout_cellular_growth
Zot:5:    layout_gridlike, hangedman_zot_decor_scrapings, drop_trap

Skill      XL: |  1  2  3  4  5  6  7  8  9 10 11 12 13 14 15 16 17 18 19 20 21 22 23 24 25 |
---------------+----------------------------------------------------------------------------+-----
Short Blades   | 1 2 3 4 5 6 8 9 10 12 14 | 14.0
Fighting       | 3 4 5 6 8 9 10 12 15 17 18 19 | 19.6
Dodging        | 1 3 4 5 6 8 9 11 13 14 15 16 19 22 24 26 | 26.4
Invocations    | 3 5 6 8 10 | 10.0
Evocations     | 4 6 7 10 14 | 14.8
Armour         | 4 5 6 8 |  8.0
Hexes          | 5 11 12 | 12.0
Spellcasting   | 3 5 |  5.0
Stealth        | 5 9 |  9.5
Throwing       | |  1.0
Unarmed Combat | |  1.0

Action                     |  1- 3 |  4- 6 |  7- 9 | 10-12 | 13-15 | 16-18 | 19-21 | 22-24 | 25-27 || total
---------------------------+-------+-------+-------+-------+-------+-------+-------+-------+-------++-------
  Melee: Dagger            |   156 |   219 |   394 |   452 |       |       |       |       |       ||  1221
         Rapier            |       |    17 |   400 |    80 |       |       |   707 |  1740 |   159 ||  3103
         Short sword       |       |       |       |   525 |  1111 |  1143 |   707 |       |       ||  3486
         Quick blade       |       |       |       |   479 |  2070 |  2190 |  2789 |  3551 |   321 || 11400
         Headbutt          |       |       |       |       |       |       |   779 |  1200 |   101 ||  2080
         Unarmed           |       |       |       |       |       |       |    11 |       |       ||    11
  Throw: Dart              |     1 |       |       |     1 |     2 |     1 |       |     1 |       ||     6
 Invoke: Heroism           |       |       |     1 |     2 |       |     3 |     2 |     2 |     1 ||    11
         Receive Weapon    |       |       |       |     1 |       |       |       |       |       ||     1
         Receive Armour    |       |       |       |     1 |       |       |       |       |       ||     1
         Finesse           |       |       |       |       |     4 |     9 |    11 |     5 |     4 ||    33
         Duel              |       |       |       |       |       |     1 |       |     1 |     3 ||     5
Ability: Invent Gizmo      |       |       |       |       |     1 |       |       |       |       ||     1
  Evoke: Wand              |       |       |     7 |    12 |     8 |    28 |     3 |     3 |     4 ||    65
         Lightning rod     |       |       |       |       |       |       |       |     1 |       ||     1
    Use: Scroll            |     4 |     2 |     3 |    17 |     6 |    13 |     7 |    17 |     9 ||    78
         Potion            |       |     1 |       |     4 |     1 |    10 |     9 |     6 |    20 ||    51
   Stab: Sleeping          |     1 |     1 |     5 |     2 |     5 |     3 |    11 |     3 |       ||    31
         Distracted        |       |       |       |       |     3 |     4 |       |     6 |       ||    13
         Invisible         |       |       |       |       |       |    20 |       |       |       ||    20
         Confused          |       |       |       |       |       |       |     3 |       |       ||     3
         Paralysed         |       |       |       |       |       |       |       |     2 |       ||     2
 Armour: Leather armour    |    51 |     6 |       |       |       |       |    28 |   169 |       ||   254
         Robe              |       |    46 |   206 |    62 |       |       |       |       |       ||   314
         Steam dragon scal |       |       |       |    56 |       |       |       |       |       ||    56
         Acid dragon scale |       |       |       |    51 |       |       |       |   350 |    39 ||   440
         Ring mail         |       |       |       |   152 |   595 |   207 |   565 |       |       ||  1519
         Scale mail        |       |       |       |       |       |   457 |   170 |       |       ||   627
         Ice dragon scales |       |       |       |       |       |    44 |       |       |       ||    44
  Dodge: Dodged            |    53 |    59 |   265 |   389 |   848 |   649 |  1127 |  1229 |    89 ||  4708
         Repelled          |       |       |       |       |    57 |   189 |    95 |    50 |     3 ||   394

Table legend: (Time is in decaauts)
 A = Elapsed time spent in this place.
 B = Non-inter-level travel time spent in this place.
 C = Inter-level travel time spent in this place.
 D = Time resting spent in this place.
 E = Time spent auto-exploring this place.
 F = Levels seen in this place.
 G = Mean time per level.
                   A        B        C        D        E       F      G
               +--------+--------+--------+--------+--------+-----+--------+
         Total |  62747 |  56868 |   5879 |  18637 |  22934 |  57 | 1100.8 |
       Dungeon |  18614 |  16184 |   2430 |   4756 |   7516 |  15 | 1240.9 |
          Lair |   6815 |   6352 |    463 |   1740 |   3336 |   5 | 1363.0 |
        Shoals |   4803 |   4635 |    168 |   1576 |   1691 |   4 | 1200.8 |
     Snake Pit |   7091 |   6749 |    342 |   2998 |   2049 |   4 | 1772.8 |
  Orcish Mines |   2527 |   2082 |    445 |    906 |    693 |   2 | 1263.5 |
   Elven Halls |   3459 |   3264 |    195 |   1267 |   1037 |   2 | 1729.5 |
        Vaults |   7070 |   6286 |    784 |   1057 |   3234 |   5 | 1414.0 |
        Depths |   7676 |   6834 |    842 |   2228 |   2693 |   4 | 1919.0 |
           Zot |   1383 |   1175 |    208 |    323 |    339 |   5 |  276.6 |
         Abyss |    431 |    431 |      0 |    138 |     59 |   1 |  431.0 |
        Bazaar |     82 |     82 |      0 |      0 |     38 |   1 |   82.0 |
         Trove |     10 |     10 |      0 |      0 |      0 |   1 |   10.0 |
       Ossuary |    542 |    542 |      0 |    137 |    118 |   1 |  542.0 |
      Ice Cave |   1709 |   1709 |      0 |   1306 |     14 |   1 | 1709.0 |
      Gauntlet |    465 |    465 |      0 |    197 |    116 |   1 |  465.0 |
         Arena |     63 |     63 |      0 |      5 |      0 |   5 |   12.6 |
               +--------+--------+--------+--------+--------+-----+--------+

Top non-repeatable levels by time:
 Snake:3: 2610 daAuts
   Orc:2: 2379 daAuts
Depths:3: 2281 daAuts
    D:15: 2244 daAuts
 Snake:1: 2023 daAuts
   Elf:1: 2019 daAuts
    D:11: 1968 daAuts
Depths:2: 1914 daAuts
    D:14: 1898 daAuts
Vaults:5: 1807 daAuts
Depths:1: 1786 daAuts
   IceCv: 1709 daAuts
Depths:4: 1694 daAuts
     D:8: 1677 daAuts
 Snake:4: 1653 daAuts
